Map: Odyssey LE

Players

Winthrowe

  • Race: Protoss Protoss
  • League: Silver
  • Spawn Location: 5:00

Twitami - Winner!

  • Race: Terran Terran
  • Spawn Location: 11:00

VOD

Have the link to the VOD?

Description

Time

  • Played on: Sept. 3, 2017, 6:35 p.m.
  • Length: 32:12
Show
View Real Time Build Order
Export as new Build Order

Winthrowe Protoss 

Build Orders: Double Forge 

Get SALT Encoding   

  12  0:01  Probe (Chrono Boost)  
  13  0:12  Probe (Chrono Boost)  
  14  0:32  Pylon  
  14  0:41  Pylon  
  14  0:45  Pylon  
  14  0:46  Probe (Chrono Boost)  
  16  0:57  Probe (Chrono Boost)  
  16  1:01  Gateway  
  16  1:07  Probe (Chrono Boost)  
  17  1:13  Assimilator  
  17  1:18  Probe (Chrono Boost)  
  18  1:23  Gateway  
  18  1:29  Gateway  
  18  1:46  Probe (Chrono Boost)  
  19  2:04  Cybernetics Core  
  19  2:06  Assimilator  
  19  2:18  Forge  
  19  2:23  Probe (Chrono Boost)  
  20  2:34  Probe (Chrono Boost)  
  20  2:36  Zealot  
  25  2:37  Zealot x2  
  27  2:57  Probe (Chrono Boost)  
  28  3:01  Warp Gate  
  28  3:03  Stalker  
  28  3:04  Stalker x2  
  34  3:08  Probe (Chrono Boost)  
  35  3:34  Sentry, Stalker  
  39  3:52  Pylon  
  39  3:55  Pylon  
  39  4:00  Pylon  
  39  4:05  Pylon  
  39  4:10  Stalker  
  39  4:11  Mothership Core (Chrono Boost)  
  39  4:16  Stalker  
  45  4:20  Sentry  
  47  4:40  Stalker  
  49  4:46  Zealot, Stalker  
  49  4:47  Protoss Ground Weapons Level 1  
  53  4:55  Forge  
  53  4:59  Forge  
  53  5:32  Nexus  
  53  5:52  Robotics Facility  
  53  5:57  Gateway  
  53  5:58  Gateway  
  53  6:04  Protoss Ground Armor Level 1  
  53  6:12  Protoss Shields Level 1  
  53  6:21  Probe (Chrono Boost)  
  54  6:31  Probe (Chrono Boost)  
  55  6:42  Probe (Chrono Boost)  
  38  7:09  Pylon  
  28  7:28  Gateway  
  28  7:37  Probe x2 (Chrono Boost)  
  28  7:48  Probe x2 (Chrono Boost)  
  30  7:53  Photon Cannon  
  30  7:55  Photon Cannon  
  30  7:57  Photon Cannon  
  31  7:58  Probe x2 (Chrono Boost)  
  31  7:59  Photon Cannon  
  31  8:02  Pylon x2  
  32  8:09  Probe (Chrono Boost)  
  33  8:15  Immortal  
  37  8:23  Probe x2 (Chrono Boost)  
  39  8:33  Probe (Chrono Boost)  
  40  8:45  Adept x2  
  40  8:46  Adept x3  
  50  8:54  Immortal  
  46  9:34  Zealot x3  
  46  9:35  Zealot x3  
  56  9:58  Immortal, Twilight Council  
  60  10:07  Sentry  
  60  10:08  Sentry x2  
  66  10:38  Observer  
  66  10:39  Charge  
  67  10:45  Protoss Ground Weapons Level 2  
  67  10:54  Assimilator  
  67  10:56  Mothership Core (Chrono Boost), Assimilator  
  69  10:57  Probe (Chrono Boost)  
  69  10:59  Immortal  
  74  11:08  Probe (Chrono Boost)  
  75  11:11  Stalker  
  75  11:12  Stalker  
  75  11:15  Probe (Chrono Boost)  
  81  11:18  Probe (Chrono Boost)  
  81  11:25  Probe (Chrono Boost)  
  82  11:29  Probe (Chrono Boost)  
  83  11:36  Probe (Chrono Boost)  
  83  11:38  Immortal  
  83  11:39  Probe (Chrono Boost)  
  81  11:46  Probe (Chrono Boost)  
  64  12:00  Stalker  
  64  12:01  Stalker x3  
  67  12:02  Stalker x2  
  75  12:17  Immortal  
  75  12:19  Resonating Glaives, Probe x2 (Chrono Boost)  
  79  12:29  Probe (Chrono Boost)  
  81  12:30  Probe (Chrono Boost)  
  81  12:40  Probe x2 (Chrono Boost)  
  83  12:46  Nexus  
  83  12:50  Assimilator, Probe (Chrono Boost)  
  83  12:51  Probe (Chrono Boost)  
  85  12:53  Assimilator  
  85  13:01  Probe x2 (Chrono Boost)  
  85  13:03  Stargate x2  
  87  13:41  Robotics Facility  
  87  13:45  Robotics Bay  
  87  13:59  Observer  
  88  14:03  Oracle  
  88  14:04  Void Ray  
  95  14:20  Observer  
  95  14:23  Probe (Chrono Boost)  
  95  14:24  Probe (Chrono Boost)  
  98  14:34  Probe x2 (Chrono Boost)  
  100  14:39  Void Ray  
  100  14:44  Probe (Chrono Boost)  
  100  14:45  Probe (Chrono Boost)  
  106  14:47  Phoenix  
  106  14:49  Colossus  
  114  14:55  Probe x2 (Chrono Boost)  
  116  15:02  Protoss Ground Weapons Level 3  
  116  15:04  Protoss Ground Armor Level 2  
  116  15:05  Probe (Chrono Boost)  
  116  15:06  Probe (Chrono Boost)  
  118  15:12  Phoenix  
  120  15:47  Void Ray  
  124  16:01  Nexus  
  124  16:11  Pylon  
  124  16:15  Pylon  
  124  16:17  Pylon  
  124  16:22  Pylon  
  124  16:26  Pylon  
  124  16:29  Void Ray  
  124  16:30  Void Ray, Pylon  
  132  16:38  Colossus  
  138  16:40  Colossus  
  138  16:44  Pylon  
  144  16:48  Pylon  
  137  17:12  Phoenix  
  139  17:19  Fleet Beacon  
  139  17:32  Warp Prism  
  139  17:34  Warp Prism  
  143  18:08  Immortal  
  143  18:09  Colossus  
  147  18:20  Carrier  
  151  18:33  Zealot  
  151  18:34  Zealot x5  
  133  18:48  Immortal  
  89  19:03  Colossus  
  89  19:05  Stalker  
  89  19:06  Stalker x4  
  89  19:07  Stalker  
  107  19:26  Colossus  
  113  19:35  Assimilator  
  113  19:38  Assimilator  
  113  19:39  Carrier  
  113  19:41  Assimilator  
  113  19:42  Assimilator  
  113  19:43  Nexus  
  113  19:47  Carrier  
  125  19:56  Graviton Catapult (Chrono Boost)  
  115  20:32  Observer x2  
  107  20:52  Colossus  
  107  20:53  Observer  
  107  20:54  Carrier  
  120  21:13  Carrier  
  120  21:17  Zealot x3  
  120  21:18  Zealot x3  
  138  22:02  Gateway  
  138  22:05  Gateway, Observer  
  138  22:06  Observer  
  138  22:07  Gateway  
  140  22:08  Carrier  
  140  22:10  Gateway  
  140  22:12  Gateway  
  140  22:14  Protoss Ground Armor Level 3  
  146  22:23  Extended Thermal Lance  
  146  22:26  Colossus x2  
  158  22:39  Carrier  
  140  23:19  Colossus  
  140  23:20  Colossus  
  140  23:23  Carrier  
  131  24:04  Carrier  
  131  24:07  Zealot  
  131  24:08  Zealot x3  
  131  24:09  Zealot x2  
  131  24:21  Colossus x2  
  143  24:31  Stalker x4  
  149  24:32  Stalker  
  149  24:37  Carrier  
  130  25:15  Immortal x2  
  108  25:30  Carrier  
  114  25:45  Protoss Air Armor Level 1  
  114  25:52  Carrier  
  114  25:54  Immortal x2  
  114  25:55  Cybernetics Core  
  122  25:59  Probe x2  
  122  26:00  Probe x2  
  132  26:12  Probe  
  133  26:20  Sentry x2  
  133  26:21  Sentry x3  
  133  26:22  Sentry  
  145  26:56  Carrier  
  151  27:06  Carrier  
  145  27:28  Zealot  
  145  27:29  Zealot x5  
  148  27:46  Immortal x2  
  156  28:22  Stalker  
  156  28:23  Stalker x3  
  156  28:24  Stalker  
  156  28:26  Immortal  
  170  29:02  Probe  
  164  29:04  Probe x2  
  156  29:13  Probe  
  156  29:16  Probe x2  
  158  29:27  Probe  
  69  31:12  Nexus  
Show
View Real Time Build Order
Export as new Build Order

Twitami Terran - Winner!

Build Orders:  

Get SALT Encoding   

  12  0:01  SCV  
  13  0:44  SCV  
  13  0:45  Command Center  
  14  0:56  SCV  
  15  1:02  Supply Depot  
  15  1:12  Refinery  
  15  1:15  Refinery  
  15  1:23  SCV  
  16  1:35  SCV, Barracks  
  17  1:47  SCV  
  18  1:58  Engineering Bay  
  18  1:59  SCV  
  19  2:11  SCV  
  20  2:23  SCV  
  20  2:28  Barracks Reactor  
  21  2:44  SCV  
  22  2:51  Refinery  
  22  2:56  SCV  
  23  3:03  Bunker  
  23  3:04  Marine  
  24  3:07  Marine  
  24  3:08  SCV, Command Center  
  26  3:22  Marine, Building Armor  
  26  3:25  Marine  
  28  3:38  Supply Depot  
  28  3:47  Marine x2  
  30  4:11  Missile Turret  
  30  4:20  SCV  
  31  4:25  Refinery  
  31  4:32  SCV  
  32  4:38  Factory  
  32  4:43  Orbital Command  
  32  4:44  SCV  
  33  4:45  Supply Depot  
  33  4:50  SCV  
  34  4:56  SCV  
  35  5:00  Missile Turret  
  35  5:02  SCV, Hi-Sec Auto Tracking  
  35  5:06  Marine  
  37  5:07  Marine  
  37  5:08  SCV  
  39  5:20  SCV  
  40  5:24  Marine  
  40  5:25  Marine  
  40  5:28  Factory Tech Lab  
  42  5:33  SCV, Command Center  
  43  5:37  Armory  
  43  5:39  Planetary Fortress  
  43  5:40  Missile Turret  
  43  5:56  Missile Turret  
  43  5:58  SCV  
  43  5:59  Neosteel Frame  
  44  6:06  Marine  
  44  6:07  Marine, Missile Turret  
  44  6:09  Siege Tank  
  44  6:10  SCV  
  50  6:20  Missile Turret  
  50  6:23  SCV  
  50  6:24  Marine  
  50  6:25  Marine  
  53  6:33  Missile Turret  
  53  6:36  Planetary Fortress  
  53  6:41  Widow Mine  
  46  7:10  Siege Tank  
  46  7:11  Marine x2  
  48  7:18  Terran Infantry Weapons Level 1  
  48  7:29  Marine x2  
  50  7:42  Siege Tank  
  53  7:47  Marine x2  
  55  7:52  Missile Turret  
  55  8:01  Terran Vehicle Weapons Level 1  
  55  8:02  Starport  
  55  8:04  Marine  
  55  8:05  Marine  
  57  8:07  Missile Turret  
  57  8:16  Missile Turret  
  57  8:26  Missile Turret  
  57  8:42  Missile Turret  
  57  8:43  Starport Tech Lab  
  57  8:44  Command Center  
  57  8:49  Starport  
  57  9:03  Missile Turret  
  57  9:12  Terran Infantry Armor Level 1  
  55  9:18  Command Center  
  55  9:44  Siege Tank  
  58  9:46  Starport Tech Lab  
  58  9:50  Banshee  
  58  9:52  Starport, Cloaking Field  
  61  9:55  Terran Ship Weapons Level 1  
  61  10:16  SCV  
  63  10:28  SCV  
  63  10:33  Banshee  
  66  10:39  Bunker  
  66  10:40  SCV  
  66  10:41  Planetary Fortress  
  67  10:49  SCV, Refinery  
  68  10:54  SCV  
  69  10:58  Starport Reactor  
  69  11:01  SCV  
  69  11:04  Fusion Core  
  70  11:06  Terran Infantry Weapons Level 2, SCV  
  71  11:13  SCV  
  72  11:18  SCV  
  72  11:20  Refinery  
  72  11:25  SCV  
  72  11:28  SCV  
  72  11:30  SCV  
  72  11:31  Widow Mine  
  76  11:37  SCV  
  77  11:40  SCV  
  69  11:50  Terran Vehicle And Ship Armor Level 1  
  69  11:52  SCV  
  70  11:59  Widow Mine  
  72  12:01  Missile Turret  
  72  12:04  SCV  
  72  12:06  Missile Turret  
  73  12:16  SCV  
  74  12:28  SCV  
  74  12:29  Siege Tank  
  78  12:30  Missile Turret  
  78  12:34  Bunker  
  78  12:39  Refinery  
  78  12:43  Refinery  
  78  12:44  Planetary Fortress  
  78  12:46  Missile Turret  
  78  12:53  Marine x2  
  80  12:59  Missile Turret  
  80  13:01  Siege Tank  
  81  13:10  Marine  
  81  13:11  Marine  
  83  13:14  Missile Turret  
  83  13:15  Raven  
  85  13:21  Banshee  
  88  13:28  Marine x2  
  90  13:38  Refinery  
  90  13:43  Bunker, Terran Vehicle Weapons Level 2  
  90  13:46  Marine x2  
  92  13:54  Missile Turret  
  92  13:58  Banshee  
  92  14:02  Missile Turret  
  95  14:04  Marine x2  
  95  14:08  Weapon Refit  
  97  14:10  Terran Infantry Weapons Level 3  
  97  14:17  Missile Turret  
  97  14:22  Marine x2  
  99  14:43  Supply Depot  
  99  14:46  Marine x2, Banshee  
  104  15:04  Marine x2  
  106  15:09  Missile Turret  
  106  15:21  Marine x2  
  106  15:28  Command Center  
  108  15:29  Banshee  
  111  15:36  Command Center  
  111  15:40  Command Center  
  111  15:59  Terran Ship Weapons Level 2  
  111  16:05  Command Center  
  111  16:07  Supply Depot  
  111  16:08  Supply Depot  
  111  16:11  Banshee  
  114  16:19  Viking  
  115  16:28  Viking, Banshee  
  120  16:35  Supply Depot  
  120  16:38  Supply Depot  
  119  16:47  Terran Infantry Armor Level 2  
  119  16:49  Viking  
  121  16:54  Banshee  
  121  16:55  Missile Turret  
  121  16:58  Viking  
  122  17:11  Banshee  
  121  17:18  Missile Turret  
  121  17:19  Viking  
  123  17:23  Missile Turret  
  123  17:28  Viking  
  124  17:37  Banshee  
  125  17:49  Viking  
  127  17:54  Banshee, Missile Turret  
  127  17:58  Viking  
  129  18:15  Terran Vehicle And Ship Armor Level 2  
  126  18:20  Banshee  
  128  18:37  Battlecruiser  
  118  19:03  Banshee  
  121  19:11  Planetary Fortress  
  121  19:17  Missile Turret  
  120  19:41  Battlecruiser  
  126  19:46  Battlecruiser  
  132  19:55  Command Center  
  132  20:06  Command Center  
  132  20:31  Terran Vehicle Weapons Level 3  
  119  21:17  Viking x2  
  123  21:21  Marine x2  
  123  21:36  Missile Turret  
  123  21:38  Missile Turret  
  123  21:39  Marine x2  
  125  21:43  SCV, Refinery  
  126  21:47  Viking x2  
  126  21:50  Refinery  
  126  21:53  Refinery  
  130  21:55  SCV  
  130  21:57  Marine x2  
  133  22:07  SCV  
  134  22:15  Marine x2  
  136  22:17  Viking x2  
  136  22:19  SCV  
  136  22:21  Supply Depot  
  141  22:28  Viking, Missile Turret  
  143  22:31  SCV  
  139  22:47  Viking x2  
  140  22:58  Viking  
  123  23:14  Missile Turret  
  123  23:24  Viking x2  
  132  23:27  Battlecruiser  
  132  23:28  Viking  
  125  23:54  Viking x2  
  126  23:58  Viking  
  124  24:21  Missile Turret  
  124  24:27  Viking x2  
  130  24:33  Battlecruiser  
  134  24:41  Refinery  
  128  24:59  Marine x2  
  126  25:17  Marine x2  
  125  25:24  SCV  
  126  25:35  Marine x2, Missile Turret  
  127  25:36  SCV  
  129  25:46  Missile Turret  
  129  25:48  SCV  
  130  25:53  Marine x2  
  132  26:01  SCV  
  133  26:10  Marine  
  133  26:11  Marine  
  133  26:13  SCV  
  134  26:19  Missile Turret  
  134  26:28  Marine x2  
  136  26:47  Missile Turret  
  136  26:54  SCV  
  137  27:06  SCV  
  102  27:59  Viking  
  102  28:00  Viking  
  108  28:36  Missile Turret  
  100  29:02  Barracks  
  96  29:24  Engineering Bay  
  96  30:03  Planetary Fortress  
  80  32:08  Command Center  
  80  32:11  Missile Turret  
Tags
 
League
Silver
Matchup
PvT
Spawn Locations
Cross Positions
Add a new tag
Caveats
  • Supply blocks, unpowered buildings, or Contaminate may cause inaccurate times.
  • Supply counts are checked every 10 seconds.